 Dungeon Crawl Stone Soup version 0.30-a0-135-g630cfc4551 (webtiles) character file.

Game seed: 4577607537426802755

46873 zxpr0jk the Unseen (level 14, -4/93 HPs)
             Began as a Pale Draconian Ice Elementalist on Sept 20, 2022.
             Was a High Priest of Dithmenos.
             Slain by Agnes
             ... wielding a +6 antimagic lajatang
              (35 damage)
             ... on level 15 of the Dungeon.
             The game lasted 01:27:21 (14601 turns).

zxpr0jk the Unseen (DrIE)                          Turns: 14601, Time: 01:27:22

Health: -4/93      AC: 13    Str: 10    XL:     14   Next: 6%
Magic:  0/21       EV: 12    Int: 23    God:    Dithmenos [*****.]
Gold:   1473       SH:  0    Dex: 16    Spells: 4/23 levels left

rFire   + . .      SeeInvis .    g - +4 dagger (drain)
rCold   + . .      Faith    .    (no shield)
rNeg    . . .      Spirit   .    (body armour unavailable)
rPois   .          Reflect  .    a - +2 hat
rElec   .          Harm     .    q - scarf {rC+ rF+}
rCorr   .          Rampage  .    (no gloves)
Will    +....                    H - +2 pair of boots
Stlth   ++++++++++               h - amulet of regeneration
HPRegen 1.05/turn                m - +6 ring of intelligence
MPRegen 0.17/turn                e - ring of wizardry

@: short of breath, freezing walls, wreathed by umbra, unable to read
A: breathe steam, AC +8, unfitting armour, cold-blooded, steam resistance,
inability to read after injury 1
a: Breathe Steam, Renounce Religion, Shadow Step, Shadow Form


You were on level 15 of the Dungeon.
You worshipped Dithmenos.
Dithmenos was extremely pleased with you.
You visited 2 branches of the dungeon, and saw 16 of its levels.
You also visited: Ossuary.

You collected 1473 gold pieces.

Inventory:

Hand Weapons
 f - a +6 battleaxe of freezing
 g - a +4 dagger of draining (weapon)
 B - a +2 arbalest of flaming
 D - a +1 dagger of distortion
 E - a +3 flail of holy wrath
 G - a +2 dagger of electrocution
 M - a +8 vampiric dire flail
Armour
 a - a +2 hat (worn)
 n - a +2 cloak
 q - a scarf of resistance (worn)
 H - a +2 pair of boots (worn)
Jewellery
 e - a ring of wizardry (right hand)
 h - an amulet of regeneration (around neck)
 l - a ring of poison resistance
 m - a +6 ring of intelligence (left hand)
 t - a ring of ice
Wands
 c - a wand of paralysis (8)
 y - a wand of iceblast (13)
 C - a wand of light (17)
Scrolls
 b - 4 scrolls of fog
 j - 2 scrolls of enchant armour
 k - a scroll of vulnerability
 p - 5 scrolls of amnesia
 s - a scroll of summoning
 v - 7 scrolls of teleportation
 F - a scroll of fear
 J - a scroll of silence
 K - 3 scrolls of identify
 L - a scroll of poison {unknown}
Potions
 d - 5 potions of lignification
 i - a potion of attraction
 o - 4 potions of haste
 r - a potion of berserk rage {unknown}
 u - 2 potions of brilliance {unknown}
 w - 2 potions of degeneration {unknown}
 x - 13 potions of ambrosia
 z - a potion of cancellation
 A - 4 potions of flight {unknown}
 N - 2 potions of magic


   Skills:
 - Level 7.0 Short Blades
 - Level 1.7 Dodging
 - Level 15.0 Stealth
 - Level 5.0 Spellcasting
 - Level 7.0 Conjurations
 * Level 13.0 Hexes
 + Level 9.6 Summonings
 - Level 9.0 Ice Magic


You had 4 spell levels left.
You knew the following spells:

 Your Spells              Type           Power      Damage    Failure   Level
a - Freeze                Ice            100%       1d11      1%          1
b - Ozocubu's Armour      Ice            47%        N/A       1%          3
c - Confusing Touch       Hex            60%        N/A       1%          3
d - Frozen Ramparts       Ice            94%        1d15      1%          3
e - Animate Dead          Necr           5%         N/A       34%         4
f - Summon Mana Viper     Hex/Summ       55%        N/A       1%          5

Your spell library contained the following spells:

 Spells                   Type           Power      Damage    Failure   Level
 Slow                     Hex            100%       N/A       1%          1
 Hailstorm                Conj/Ice       42%        3d10      1%          4
 Vampiric Draining        Necr           5%         2d6       12%         3
 Summon Cactus Giant      Summ           25%        N/A       11%         6
 Summon Forest            Summ/Tloc      13%        N/A       14%         5
 Summon Hydra             Summ           25%        N/A       50%         7
 Haunt                    Necr/Summ      13%        N/A       98%         7
 Eringya's Noxious Bog    Tmut/Pois      2%         N/A       99%         6
 Infestation              Necr           2%         N/A       100%        8


Dungeon Overview and Level Annotations

Branches:
Dungeon (15/15)            Temple (1/1) D:5            Lair (0/5) D:9
    Orc (0/2) D:9          Vaults (0/5) D:14        Ossuary (visited)
 Depths: D:15

Altars:
Ashenzari
Cheibriados
Dithmenos
Elyvilon
Fedhas
Gozag
Hepliaklqana
Kikubaaqudgha
Makhleb
Nemelex Xobeh
Okawaru
Qazlal
Ru
Sif Muna
Trog
Uskayaw
Vehumet
Wu Jian
Xom
Yredelemnul
Zin
The Shining One

Shops:
D:7 (   D:8 =   D:14 [*

Annotations:
D:15 Agnes


Innate Abilities, Weirdness & Mutations

You can breathe blasts of scalding, opaque steam.
Your pale cyan-grey scales are hard. (AC +8)
You cannot fit into any form of body armour.
You are cold-blooded and may be slowed by cold attacks.
You are immune to the effects of steam.
You occasionally lose the ability to read scrolls when taking damage.


Message History

Confirm with . or Enter, or press ? or * to list all spells.
Casting: Frozen Ramparts (safe; 1% risk of failure)
Press: ? - help, Dir - look around, f - activate This square is wreathed by an umbra.
There is a cloud of steam here.
The walls around you are covered in ice.
Agnes is engulfed in a cloud of scalding steam.
The wall freezes Agnes.
Agnes hits you with a +6 antimagic lajatang!
You feel your power leaking away.
Your mana viper is engulfed in a cloud of scalding steam.
Your mana viper bites Agnes!
Agnes is engulfed in a cloud of scalding steam.
The wall freezes Agnes.
Agnes hits you with a +6 antimagic lajatang!
You feel your power leaking away.
You barely miss Agnes.
Agnes is moderately wounded.
Your mana viper is engulfed in a cloud of scalding steam.
Your mana viper bites Agnes!!
The wall freezes Agnes.
Agnes hits you with a +6 antimagic lajatang!
You feel your power leaking away.
Unknown command.
You hit Agnes. You tail-slap Agnes, but do no damage.
Agnes is severely wounded.
Your mana viper is engulfed in a cloud of scalding steam.
Your mana viper bites Agnes!
The wall freezes Agnes.
Agnes barely misses you.
Unknown command.
You hit Agnes.
Agnes is almost dead.
The wall freezes Agnes.
Agnes hits you with a +6 antimagic lajatang!!
You feel threatened and lose the ability to read scrolls!
You emit a cloud of dark smoke.
Your mana viper barely misses Agnes.
Unknown command.
You hit Agnes. You drain Agnes.
Agnes is almost dead.
The wall freezes Agnes.
Agnes hits you with a +6 antimagic lajatang!!
You die...

#........#
#........#
####.....#
##....#
#....#
##...# #...#
##§..#
#@.§.#
##i§..#
#§S.§.#
...........#
...........#
.......$...#
######.....#
#......
+.......


You could see Agnes (drained, ally target) and a friendly mana viper (summoned).

Vanquished Creatures
  Kirke (D:15)
  Louise (D:14)
  Fannar (D:10)
  The ghost of Tozintoc the Carver, a journeyman DsGl of Okawaru (D:12)
  A catoblepas (D:14)
  A hydra (D:13)
  2 boulder beetles
  9 two-headed ogres
  5 centaur warriors
  Sonja (D:12)
  A fire crab (shapeshifter) (D:14)
  Lodul (D:12)
  A swamp dragon (shapeshifter) (D:14)
  A wizard (D:12)
  A deep elf pyromancer (D:13)
  8 ugly things
  A cyclops (D:12)
  3 manticores
  An elephant (D:9)
  An unseen horror (D:12)
  3 gargoyles
  4 kobold demonologists
  3 freezing wraiths
  A yaktaur (D:14)
  A queen bee (D:13)
  7 meliai
  A polar bear (shapeshifter) (D:14)
  5 trolls
  A hornet (D:11)
  4 slime creatures (D:15)
  A centaur simulacrum (D:14)
  A shadow (D:10)
  2 wraiths
  4 yaks (D:10)
  2 vampires
  6 hogs (D:15)
  2 wyverns
  A basilisk (D:9)
  7 redbacks (D:12)
  2 vampire mosquitoes (D:8)
  2 steam dragons
  3 acid dragons
  5 orc warriors
  3 water moccasins
  2 black bears
  2 ice beasts
  4 sky beasts
  4 boggarts (D:14)
  8 ogres
  10 centaurs
  A phantom (D:4)
  9 kobold brigands
  A necrophage (D:6)
  A bullfrog (D:9)
  A scorpion (D:4)
  A gnoll sergeant (D:7)
  3 wights (D:9)
  2 water moccasin zombies (Ossuary)
  38 killer bees
  7 howler monkeys
  6 electric eels (D:9)
  A jelly (D:5)
  2 gnoll boudas
  13 orc priests
  5 hounds
  5 iguanas
  25 orc wizards
  2 mummies (Ossuary)
  14 gnolls
  9 adders
  A white imp (D:5)
  An ufetubus (D:6)
  7 adder zombies (Ossuary)
  4 worms
  3 dart slugs
  51 orcs
  3 ball pythons
  8 endoplasms
  2 giant cockroaches
  2 gnoll zombies (Ossuary)
  4 goblins
  5 hobgoblins
  9 jackals
  2 quokkas (D:3)
  7 bats
  A frilled lizard (D:1)
  5 hobgoblin zombies (Ossuary)
  25 kobolds
  2 kobold zombies
  8 orc zombies (Ossuary)
  7 rats
446 creatures vanquished.

Vanquished Creatures (collateral kills)
  Jorgrun (D:15)
  Gastronok (D:12)
  2 two-headed ogres (D:12)
  2 meliai
  4 slime creatures
  A centaur simulacrum (D:14)
  A vampire (D:14)
  3 killer bees (D:13)
  A bat (D:14)
16 creatures vanquished.

Vanquished Creatures (others)
  Psyche (D:8)
  A human (D:15)
  An orc (D:9)
  17 plants (D:9)
20 creatures vanquished.

Grand Total: 482 creatures vanquished

Notes
Turn   | Place    | Note
-------+----------+-------------------------------------------
     0 | D:1      | zxpr0jk the Draconian Ice Elementalist began the quest for
                  | the Orb.
     0 | D:1      | Reached XP level 1. HP: 14/14 MP: 3/3
   358 | D:1      | Reached XP level 2. HP: 20/20 MP: 3/5
   704 | D:1      | Found a faded altar of an unknown god.
  1038 | D:1      | Reached XP level 3. HP: 26/26 MP: 2/6
  1399 | D:2      | Reached skill level 5 in Ice Magic
  1489 | D:2      | Reached XP level 4. HP: 33/33 MP: 5/8
  1651 | D:2      | Learned a level 3 spell: Ozocubu's Armour
  1656 | D:2      | Learned a level 4 spell: Hailstorm
  1850 | D:2      | Found a bloodstained altar of Trog.
  2219 | D:3      | Reached skill level 1 in Conjurations
  2317 | D:3      | Found a shimmering altar of Xom.
  2317 | D:3      | Found a snail-covered altar of Cheibriados.
  2784 | D:3      | Reached XP level 5. HP: 35/38 MP: 9/9
  3134 | D:4      | Reached XP level 6. HP: 36/45 MP: 4/10
  3801 | D:4      | Identified the +4 robe of Activism {-Cast rC+ Str+6}
  3867 | D:5      | Entered Level 5 of the Dungeon
  3867 | D:5      | Found a sand-covered staircase.
  3879 | Ossuary  | Entered an ossuary
  3925 | Ossuary  | Your scales start taking on a pale cyan-grey colour.
  3925 | Ossuary  | Reached XP level 7. HP: 46/50 MP: 4/12
  3925 | Ossuary  | Gained mutation: You are immune to the effects of steam.
                  | [Pale Draconian growth]
  4419 | D:5      | Learned a level 3 spell: Frozen Ramparts
  4425 | D:5      | Found a staircase to the Ecumenical Temple.
  4431 | D:5      | Noticed a wyvern
  4440 | D:5      | Killed a wyvern
  4508 | Temple   | Entered the Ecumenical Temple
  4552 | Temple   | Became a worshipper of Dithmenos the Shadowed
  4757 | D:5      | Reached skill level 5 in Conjurations
  4757 | D:5      | Reached XP level 8. HP: 28/57 MP: 9/14
  4973 | D:5      | Found a hide-covered altar of Uskayaw.
  5140 | D:5      | Gained mutation: Your spells are a little easier to cast,
                  | but a little less powerful. [potion of mutation]
  5140 | D:5      | Gained mutation: You have a pair of small horns on your
                  | head. [potion of mutation]
  5141 | D:5      | Lost mutation: You have a pair of small horns on your head.
                  | [potion of mutation]
  5141 | D:5      | Lost mutation: Your spells are a little easier to cast, but
                  | a little less powerful. [potion of mutation]
  5141 | D:5      | Gained mutation: You occasionally lose the ability to read
                  | scrolls when taking damage. [potion of mutation]
  5509 | D:6      | Reached skill level 5 in Spellcasting
  5850 | D:7      | Reached * piety under Dithmenos
  5892 | D:7      | Reached XP level 9. HP: 51/62 MP: 8/16
  5961 | D:7      | Learned a level 3 spell: Confusing Touch
  6026 | D:7      | Noticed a gargoyle
  6030 | D:7      | Reached skill level 1 in Hexes
  6038 | D:7      | Killed a gargoyle
  6085 | D:7      | Learned a level 4 spell: Animate Dead
  6097 | D:7      | Reached skill level 2 in Stealth
  6153 | D:7      | Reached skill level 3 in Stealth
  6163 | D:7      | Reached skill level 4 in Stealth
  6241 | D:7      | Reached skill level 5 in Stealth
  6356 | D:7      | Found Caeluuro's Weapon Shop.
  6382 | D:7      | Reached skill level 6 in Stealth
  6393 | D:7      | Reached skill level 7 in Stealth
  6770 | D:8      | Reached ** piety under Dithmenos
  6771 | D:8      | Reached skill level 8 in Stealth
  6778 | D:8      | Reached skill level 9 in Stealth
  6803 | D:8      | Found Pacij's Jewellery Emporium.
  6820 | D:8      | Reached XP level 10. HP: 51/69 MP: 11/17
  6877 | D:8      | Reached skill level 10 in Stealth
  6910 | D:8      | Noticed Psyche
  6933 | D:8      | Killed Psyche
  7063 | D:8      | Reached skill level 11 in Stealth
  7453 | D:8      | Noticed a sixfirhy
  7459 | D:8      | Reached skill level 12 in Stealth
  8457 | D:9      | Found a staircase to the Lair.
  8457 | D:9      | Noticed an elephant
  8531 | D:9      | Found a staircase to the Orcish Mines.
  8555 | D:9      | Noticed a two-headed ogre
  8557 | D:9      | Reached skill level 13 in Stealth
  8561 | D:9      | Reached *** piety under Dithmenos
  8569 | D:9      | Killed a two-headed ogre
  8645 | D:9      | Learned a level 5 spell: Summon Mana Viper
  8783 | D:9      | Reached skill level 14 in Stealth
  8937 | D:9      | Killed an elephant
  9013 | D:9      | Reached XP level 11. HP: 74/74 MP: 18/18
  9389 | D:10     | Entered Level 10 of the Dungeon
  9573 | D:10     | Reached skill level 1 in Short Blades
  9693 | D:10     | Reached skill level 15 in Stealth
  9717 | D:10     | Reached **** piety under Dithmenos
  9897 | D:10     | Noticed Fannar
  9911 | D:10     | Killed Fannar
 10016 | D:10     | Reached skill level 5 in Short Blades
 10113 | D:11     | Noticed a boulder beetle
 10158 | D:11     | Found a shimmering blue altar of Sif Muna.
 10383 | D:11     | Killed a boulder beetle
 10469 | D:11     | Noticed a green ugly thing
 10483 | D:11     | Killed a green ugly thing
 10484 | D:11     | Reached skill level 1 in Summonings
 10674 | D:11     | Noticed a sun demon
 10687 | D:11     | Reached skill level 5 in Hexes
 10902 | D:12     | Noticed a centaur warrior
 10911 | D:12     | Killed a centaur warrior
 10915 | D:12     | Reached XP level 12. HP: 46/81 MP: 13/19
 10923 | D:12     | Reached ***** piety under Dithmenos
 11102 | D:12     | Noticed a centaur warrior
 11104 | D:12     | Noticed a two-headed ogre
 11105 | D:12     | Killed a centaur warrior
 11112 | D:12     | Killed a two-headed ogre
 11326 | D:12     | Noticed a two-headed ogre
 11335 | D:12     | Killed a two-headed ogre
 11354 | D:12     | Noticed Lodul
 11357 | D:12     | Killed Lodul
 11364 | D:12     | Reached skill level 5 in Summonings
 11375 | D:12     | Noticed Gastronok
 11389 | D:12     | Killed Gastronok
 11624 | D:12     | Found a transporter.
 11624 | D:12     | Noticed a two-headed ogre
 11625 | D:12     | Noticed Tozintoc's ghost (journeyman DsGl)
 11627 | D:12     | Found a transporter.
 11628 | D:12     | Noticed a two-headed ogre
 11628 | D:12     | Noticed a two-headed ogre
 11631 | D:12     | Noticed a two-headed ogre
 11631 | D:12     | Noticed a two-headed ogre
 11633 | D:12     | Killed a two-headed ogre
 11636 | D:12     | Killed a two-headed ogre
 11644 | D:12     | Killed Tozintoc's ghost
 11651 | D:12     | Killed a two-headed ogre
 11653 | D:12     | HP: 2/121 [two-headed ogre/+0 giant club (9)]
 11654 | D:12     | Killed a two-headed ogre
 11655 | D:12     | Killed a two-headed ogre
 11828 | D:12     | Noticed Sonja
 11830 | D:12     | Killed Sonja
 11905 | D:12     | Reached skill level 10 in Hexes
 12005 | D:13     | Reached XP level 13. HP: 86/86 MP: 20/20
 12609 | D:14     | Found Atig's Antique Armour Emporium.
 12743 | D:14     | Noticed Louise
 12821 | D:14     | Killed Louise
 13436 | D:14     | Found a gate to the Vaults.
 13499 | D:14     | Found Vafatsafup's Blood Bar.
 13667 | D:15     | Entered Level 15 of the Dungeon
 13708 | D:15     | HP: 4/86 [poisoned by a meliai]
 13713 | D:15     | HP: 3/86 [poisoned by a meliai]
 13832 | D:15     | Noticed Jorgrun
 13871 | D:15     | Killed Jorgrun
 14115 | D:15     | Noticed Kirke
 14130 | D:15     | Killed Kirke
 14303 | D:15     | Found an opulent altar of Gozag.
 14339 | D:15     | Reached XP level 14. HP: 93/93 MP: 10/21
 14592 | D:15     | Noticed Agnes
 14601 | D:15     | Slain by Agnes

Illustrated notes

Levels and vault maps discovered:
D:1:      minmay_arrival_radiant_lines, layout_basic,
          hellmonk_ecumenical_altar_crossroads
D:2:      layout_loops_ring, basic_altar, minmay_misc_feat_more_columns,
          nicolae_underground_beach
D:3:      layout_rooms, nicolae_overflow_squiral, grunt_ministairs_3
D:4:      layout_cave_pools
D:5:      layout_basic, nicolae_uskayaw_suspiria, temple_pool_b, enter_ossuary_3
D:6:      layout_gridville
D:7:      layout_gridville, serial_shops, shop, minmay_manual_mess
D:8:      layout_basic, serial_shops, nicolae_shop_window_shopping, special_room
          [special_room_kobold], minmay_misc_feat_enclosed, uniq_psyche
D:9:      layout_irregular_city, david_lair_generic, minmay_fountain_box,
          serial_bayou_lagoon_b
D:10:     layout_roguey, uniq_fannar
D:11:     layout_rooms, kennysheep_orc_sif_temple
D:12:     layout_loops_ring, gammafunk_ghost_smash,
          hangedman_abyss_or_decor_stabs, drop_trap, uniq_lodul, uniq_gastronok,
          uniq_sonja
D:13:     layout_roguey, special_room [special_room_bee]
D:14:     layout_loops_ring, david_vaults_2, serial_shops,
          nicolae_shop_advertising_works [nicolae_subvault_shop_adworks],
          hangedman_abyss_or_decor_lesser_grid, minivault_5,
          guppyfry_shop_blood, uniq_louise
D:15:     gammafunk_enter_depths_forms, layout_irregular_city,
          grunt_gozag_statues, grunt_ministairs_15, uniq_josephine, uniq_kirke,
          uniq_jorgrun, uniq_agnes
Temple:   nicolae_temple_bog_church

Skill      XL: |  1  2  3  4  5  6  7  8  9 10 11 12 13 14 |
---------------+-------------------------------------------+-----
Ice Magic      | 5 6 7 8 9 |  9.0
Conjurations   | 1 2 3 5 6 7 |  7.0
Spellcasting   | 3 4 5 |  5.0
Hexes          | 4 6 10 12 13 | 13.0
Stealth        | 9 14 15 | 15.0
Short Blades   | 7 |  7.0
Summonings     | 3 6 9 |  9.6
Dodging        | |  1.7

Action                   |  1- 3 |  4- 6 |  7- 9 | 10-12 | 13-15 || total
-------------------------+-------+-------+-------+-------+-------++-------
Melee: Unarmed           |    16 |       |       |       |       ||    16
       Tailslap          |     4 |    50 |    47 |    60 |     8 ||   169
       Short sword       |    24 |    19 |       |       |       ||    43
       Spear             |       |   316 |   203 |       |       ||   519
       Punch             |       |     4 |     6 |     3 |       ||    13
       Flail             |       |       |   138 |   182 |       ||   320
       Dagger            |       |       |       |   246 |    95 ||   341
       Battleaxe         |       |       |       |     3 |       ||     3
Throw: Stone             |    21 |     8 |     3 |     7 |       ||    39
       Throwing net      |       |       |       |     3 |       ||     3
 Cast: Freeze            |    40 |    54 |    46 |    34 |     2 ||   176
       Ozocubu's Armour  |       |     9 |    17 |    29 |    13 ||    68
       Hailstorm         |       |     1 |     1 |       |       ||     2
       Frozen Ramparts   |       |       |     5 |    22 |    15 ||    42
       Confusing Touch   |       |       |     2 |     4 |       ||     6
       Summon Mana Viper |       |       |       |     3 |    17 ||    20
 Abil: Breathe Steam     |       |       |    17 |    32 |    14 ||    63
Evoke: Wand              |       |       |       |     5 |     6 ||    11
  Use: Scroll            |       |       |    16 |     8 |     1 ||    25
       Potion            |       |       |     4 |    16 |     4 ||    24
 Stab: Sleeping          |     1 |     3 |     8 |    32 |    27 ||    71
       Distracted        |       |     1 |       |     4 |     1 ||     6
       Confused          |       |       |     1 |     1 |       ||     2
       Held in net/web   |       |       |       |     2 |       ||     2
       Invisible         |       |       |       |     1 |       ||     1
Armor: Skin              |    31 |   168 |   216 |   249 |    77 ||   741
Dodge: Dodged            |    53 |   218 |   303 |   322 |    94 ||   990

Table legend: (Time is in decaauts)
 A = Elapsed time spent in this place.
 B = Non-inter-level travel time spent in this place.
 C = Inter-level travel time spent in this place.
 D = Time resting spent in this place.
 E = Time spent auto-exploring this place.
 F = Levels seen in this place.
 G = Mean time per level.
                   A        B        C        D        E       F      G
               +--------+--------+--------+--------+--------+-----+--------+
         Total |  14787 |  14134 |    653 |   1530 |   8018 |  17 |  869.8 |
       Dungeon |  14318 |  13679 |    639 |   1530 |   7823 |  15 |  954.5 |
        Temple |    189 |    175 |     14 |      0 |    155 |   1 |  189.0 |
       Ossuary |    279 |    279 |      0 |      0 |     40 |   1 |  279.0 |
               +--------+--------+--------+--------+--------+-----+--------+

Top non-repeatable levels by time:
     D:8: 1509 daAuts
     D:1: 1304 daAuts
    D:12: 1150 daAuts
    D:14: 1043 daAuts
     D:7: 1027 daAuts
     D:9: 960 daAuts
    D:15: 954 daAuts
     D:3: 925 daAuts
     D:5: 916 daAuts
     D:2: 910 daAuts
     D:4: 885 daAuts
    D:11: 754 daAuts
     D:6: 696 daAuts
    D:10: 672 daAuts
    D:13: 606 daAuts
